 Dungeon Crawl Stone Soup version 0.23.2-40-g277498a001 (webtiles) character file.

Game seed: 8089511848123841464

23 Descartes the Skirmisher (level 3, -2/30 HPs)
             Began as a Formicid Abyssal Knight on Sept 25, 2019.
             Was a Believer of Lugonu.
             Slain by a gnoll
             ... wielding a +0 whip
              (7 damage)
             ... on level 1 of the Dungeon.
             The game lasted 00:01:54 (385 turns).

Descartes the Skirmisher (Formicid Abyssal Knight)   Turns: 385, Time: 00:01:55

Health: -2/30      AC:  3    Str: 17    XL:     3   Next: 12%
Magic:  4/4        EV: 11    Int: 11    God:    Lugonu [**....]
Gold:   31         SH:  0    Dex: 10    Spells: 2/2 levels left

rFire    x . .     SeeInvis +   a - +1 hand axe
rCold    + . .     Gourm    .   (no shield)
rNeg     . . .     Faith    .   b - +0 leather armour
rPois    .         Spirit   .   (helmet unavailable)
rElec    .         Reflect  .   (no cloak)
rCorr    .         Harm     .   (no gloves)
MR       .....                  (no boots)
Stlth    +.........             (no amulet)
HPRegen  0.10/turn              i - ring of ice
MPRegen  0.09/turn              (no ring)

@: no status effects
A: permanent stasis, dig shafts and tunnels, four strong arms, antennae 3
a: Dig, Shaft Self, Depart the Abyss, Bend Space, Renounce Religion


You were on level 1 of the Dungeon.
You worshipped Lugonu.
Lugonu was pleased with you.
You were not hungry.

You visited 1 branch of the dungeon, and saw 1 of its levels.
You visited the Abyss 1 time.

You collected 31 gold pieces.

Inventory:

Hand Weapons
 a - a +1 hand axe (weapon)
Missiles
 e - 9 poisoned needles
 j - 22 arrows
 m - 5 stones (quivered)
Armour
 b - a +0 leather armour (worn)
Jewellery
 i - a ring of ice (left hand)
Scrolls
 h - a scroll of remove curse {unknown}
 l - a scroll of identify {unknown}
Potions
 d - a potion of agility {unknown}
 g - a potion of ambrosia {unknown}
 k - a potion of curing {unknown}
Comestibles
 c - 3 rations
 f - 12 chunks of flesh


   Skills:
 + Level 3.9 Fighting
 + Level 2.2 Axes
 + Level 2.8 Armour
 + Level 1.0 Dodging
 + Level 2.1 Invocations


You had 2 spell levels left.
You didn't know any spells.
Your spell library was empty.

Dungeon Overview and Level Annotations

Branches:
Dungeon (1/15)

Altars:


Innate Abilities, Weirdness & Mutations

You cannot be hasted, slowed, berserked, paralysed or teleported.
You can dig through walls and to a lower floor.
Your four strong arms can wield two-handed weapons with a shield.
You have a pair of large antennae on your head. (SInv)


Message History

The gnoll barely misses you.
Some of the chunks of flesh in your inventory have rotted away.
You hit the gnoll.
The gnoll is heavily wounded.
The gnoll hits you with a +0 whip.
You barely miss the gnoll.
The gnoll is heavily wounded.
The gnoll hits you with a +0 whip!
You closely miss the gnoll.
The gnoll is moderately wounded.
The gnoll barely misses you.
You hit the gnoll.
The gnoll is heavily wounded.
The gnoll hits you with a +0 whip. The gnoll hits you with a +0 whip!
* * * LOW HITPOINT WARNING * * *
You are too injured to fight recklessly!
You hit the gnoll.
The gnoll is almost dead.
The gnoll hits you with a +0 whip!
You die...

#### ...#
#.. ...# #.#
...# #.#
...# #.#
...# #.#
####
######## #.#
# #......#
#g# #
#.####.###@#
# #.#
#...#.# #
#)# ###.#.#{
# #.# #.#.#
# #.# #.#.#
# #.###
#.#.# #
#...# #.#.#
#########.#
#...#
..........#
#####


You could see a gnoll.

Vanquished Creatures
  3 bats (D:1)
  2 giant cockroaches (D:1)
  4 hobgoblins (D:1)
  4 jackals (D:1)
  2 frilled lizards (D:1)
  2 goblins (D:1)
  2 kobolds (D:1)
  2 rats (D:1)
21 creatures vanquished.

Notes
Turn   | Place    | Note
-------+----------+-------------------------------------------
     0 | Abyss:1  | Descartes the Formicid Abyssal Knight began the quest for
                  | the Orb.
     0 | Abyss:1  | Reached XP level 1. HP: 18/18 MP: 2/2
    30 | Abyss:1  | Noticed a small abomination
    37 | D:1      | Escaped the Abyss
    92 | D:1      | Reached XP level 2. HP: 14/24 MP: 3/3
   282 | D:1      | Reached skill level 1 in Dodging
   302 | D:1      | Reached XP level 3. HP: 30/30 MP: 4/4
   313 | D:1      | Reached ** piety under Lugonu
   385 | D:1      | Slain by a gnoll

Skill      XL: |  1  2 |
---------------+-------+-----
Dodging        | 1 |  1.0
Fighting       | |  3.9
Axes           | |  2.2
Armour         | |  2.8
Invocations    | |  2.1

Action                   || total
-------------------------++-------
Melee: Hand axe          ||    55
Armor: Leather armour    ||    17
Dodge: Dodged            ||    44
